3AAA
MONONGAHELA MONSTERS @ NOLENSVILLE KNIGHTS
09/13/2042
 
TOP OF THE 1ST
Monongahela Monsters batting - Pitching for Nolensville Knights : RHP Miguel Pérez
Pitching: RHP Miguel Pérez
Batting: SHB Aubrey Magee 0-0: Ball
1-0: DOUBLE (Line Drive, 78M, EV 106.9 MPH)
Batting: LHB Todd Hunter 0-0: Called Strike
0-1: Ball
1-1: Called Strike
1-2: Ground out 6-3 (Groundball, 6S, EV 90.0 MPH)
Batting: LHB George Runnalls 0-0: Ball
1-0: Called Strike
1-1: Swinging Strike
1-2: Strikes out looking
Batting: RHB Adam Smith 0-0: Ball
1-0: Ball
Wild Pitch!
Aubrey Magee to third
2-0: Ball
3-0: Fly out, F8 (Flyball, 8RS, EV 90.6 MPH)
Top of the 1st over - 0 runs, 1 hit, 0 errors, 1 left on base; Monongahela 0 - Nolensville 0
BOTTOM OF THE 1ST
Nolensville Knights batting - Pitching for Monongahela Monsters : RHP Ean Somoza
Pitching: RHP Ean Somoza
Batting: LHB Jorge Mateu 0-0: Called Strike
0-1: Ball
1-1: Ball
2-1: Foul Ball, location: 2F
2-2: Foul Ball, location: 2F
2-2: Foul Ball, location: 2F
2-2: Ball
3-2: Strikes out looking
Batting: RHB Nick McGhee 0-0: Swinging Strike
0-1: Foul Ball, location: 2F
0-2: Foul Ball, location: 2F
0-2: Ball
1-2: Strikes out swinging
Batting: LHB Brian Harmon 0-0: Swinging Strike
0-1: Swinging Strike
0-2: Ball
1-2: Foul Ball, location: 2F
1-2: Foul Ball, location: 2F
1-2: Ball
2-2: Strikes out swinging
Bottom of the 1st over - 0 runs, 0 hits, 0 errors, 0 left on base; Monongahela 0 - Nolensville 0
TOP OF THE 2ND
Monongahela Monsters batting - Pitching for Nolensville Knights : RHP Miguel Pérez
Batting: RHB Richello Oliva 0-0: Called Strike
0-1: Ball
1-1: Foul Ball, location: 2F
1-2: Foul Ball, location: 2F
1-2: Ball
2-2: Foul Ball, location: 2F
2-2: Ground out 5-3 (Groundball, 56S, EV 95.0 MPH)
Batting: RHB Jerry Williams 0-0: Called Strike
0-1: Ball
1-1: Fly out, F6 (Popup, 6D, EV 58.8 MPH)
Batting: RHB Roger Snodgrass 0-0: Foul Ball, location: 9LSF, Error on foul ball, E9
0-1: Foul Ball, location: 2F
0-2: Ball
1-2: Ball
2-2: Foul Ball, location: 2F
2-2: Ball
3-2: Base on Balls
Batting: SHB Hélio Capriati 0-0: Swinging Strike
0-1: Called Strike
0-2: Ball
1-2: Foul Ball, location: 2F
1-2: Ball
2-2: Strikes out looking
Top of the 2nd over - 0 runs, 0 hits, 1 error, 1 left on base; Monongahela 0 - Nolensville 0
BOTTOM OF THE 2ND
Nolensville Knights batting - Pitching for Monongahela Monsters : RHP Ean Somoza
Batting: RHB Omar Luoa 0-0: Ball
1-0: Called Strike
1-1: Ball
2-1: SOLO HOME RUN (Flyball, 7LD, EV 91.2 MPH), Distance : 338 ft
Batting: LHB Juan Jimínez 0-0: Swinging Strike
0-1: Ball
1-1: Ball
2-1: Foul Ball, location: 2F
2-2: Foul Ball, location: 2F
2-2: Strikes out looking
Batting: RHB Dale Goodman 0-0: Called Strike
0-1: Called Strike
0-2: Strikes out swinging
Batting: RHB Dave Maxwell 0-0: SINGLE (Line Drive, 7LS, EV 91.9 MPH)
Batting: RHB Ace Felder 0-0: Ball
1-0: Foul Ball, location: 2F
1-1: Called Strike
1-2: Foul Ball, location: 2F
1-2: Ball
2-2: Ball
3-2: Base on Balls
Dave Maxwell to second
Batting: RHB Juan Perales 0-0: Called Strike
0-1: Fly out, F9 (Flyball, 9, EV 89.4 MPH)
Bottom of the 2nd over - 1 run, 2 hits, 0 errors, 2 left on base; Monongahela 0 - Nolensville 1
TOP OF THE 3RD
Monongahela Monsters batting - Pitching for Nolensville Knights : RHP Miguel Pérez
Batting: RHB Shao Qigang 0-0: Called Strike
0-1: Ball
1-1: Foul Ball, location: 2F
1-2: Foul Ball, location: 2F
1-2: Ball
2-2: Fly out, F7 (Line Drive, 7, EV 88.1 MPH)
Batting: SHB Aubrey Magee 0-0: Called Strike
0-1: Called Strike
0-2: Ball
1-2: Ball
2-2: Ball
3-2: Strikes out swinging
Batting: LHB Todd Hunter 0-0: Foul Ball, location: 2F
0-1: Swinging Strike
0-2: Ball
1-2: Ball
2-2: Ball
3-2: Strikes out looking
Top of the 3rd over - 0 runs, 0 hits, 0 errors, 0 left on base; Monongahela 0 - Nolensville 1
BOTTOM OF THE 3RD
Nolensville Knights batting - Pitching for Monongahela Monsters : RHP Ean Somoza
Batting: LHB Jorge Mateu 0-0: Called Strike
0-1: Ball
1-1: Ball
2-1: Ball
3-1: SINGLE (Groundball, 6MD, EV 106.2 MPH)
Batting: RHB Nick McGhee 0-0: Ball
1-0: Called Strike
1-1: Called Strike
1-2: Strikes out looking
Batting: LHB Brian Harmon 0-0: Ball
1-0: Ball
2-0: Ball
3-0: Base on Balls
Jorge Mateu to second
Batting: RHB Omar Luoa 0-0: Swinging Strike
0-1: Ball
1-1: Foul Ball, location: 2F
1-2: Foul Ball, location: 2F
1-2: Fielders Choice at 2nd, 4-6 (Groundball, 34, EV 99.4 MPH)
Jorge Mateu to third
Batting: LHB Juan Jimínez 0-0: Ball
1-0: Foul Ball, location: 2F
1-1: Swinging Strike
1-2: Strikes out swinging
Bottom of the 3rd over - 0 runs, 1 hit, 0 errors, 2 left on base; Monongahela 0 - Nolensville 1
TOP OF THE 4TH
Monongahela Monsters batting - Pitching for Nolensville Knights : RHP Miguel Pérez
Batting: LHB George Runnalls 0-0: Foul Ball, location: 2F
0-1: DOUBLE (Flyball, 89XD, EV 105.0 MPH)
Batting: RHB Adam Smith 0-0: Called Strike
0-1: Fly out, F8 (Flyball, 8LXD, EV 90.6 MPH)
Runner from 2nd tags up, SAFE at 3rd, no throw by CF
Batting: RHB Richello Oliva 0-0: Called Strike
0-1: Ball
1-1: Fly out, F9 (Flyball, 9S, EV 95.6 MPH)
Batting: RHB Jerry Williams 0-0: Swinging Strike
0-1: Called Strike
0-2: Strikes out swinging
Top of the 4th over - 0 runs, 1 hit, 0 errors, 1 left on base; Monongahela 0 - Nolensville 1
BOTTOM OF THE 4TH
Nolensville Knights batting - Pitching for Monongahela Monsters : RHP Ean Somoza
Batting: RHB Dale Goodman 0-0: Foul Ball, location: 2F
0-1: Called Strike
0-2: Ball
1-2: Strikes out swinging
Batting: RHB Dave Maxwell 0-0: Ball
1-0: Called Strike
1-1: Foul Ball, location: 2F
1-2: Fly out, F6 (Line Drive, 6, EV 68.1 MPH)
Batting: RHB Ace Felder 0-0: Ball
1-0: Called Strike
1-1: Foul Ball, location: 2F
1-2: Ball
2-2: DOUBLE (Flyball, 89D, EV 91.2 MPH)
Batting: RHB Juan Perales 0-0: Ball
1-0: Ground out 1-3 (Groundball, 13, EV 67.5 MPH)
Bottom of the 4th over - 0 runs, 1 hit, 0 errors, 1 left on base; Monongahela 0 - Nolensville 1
TOP OF THE 5TH
Monongahela Monsters batting - Pitching for Nolensville Knights : RHP Miguel Pérez
Batting: RHB Roger Snodgrass 0-0: Ball
1-0: Ball
2-0: Foul Ball, location: 2F
2-1: SINGLE (Groundball, 6M, EV 105.0 MPH) (infield hit)
Batting: SHB Hélio Capriati 0-0: Bunt missed!
0-1: Sac Bunt to 13 - play at first, batter OUT! 1-4
Roger Snodgrass to second
Batting: RHB Shao Qigang 0-0: Called Strike
0-1: Fly out, F8 (Flyball, 78D, EV 100.6 MPH)
Batting: SHB Aubrey Magee 0-0: Called Strike
0-1: Ball
1-1: Ground out 4-3 (Groundball, 4, EV 106.2 MPH)
Top of the 5th over - 0 runs, 1 hit, 0 errors, 1 left on base; Monongahela 0 - Nolensville 1
BOTTOM OF THE 5TH
Nolensville Knights batting - Pitching for Monongahela Monsters : RHP Ean Somoza
Batting: LHB Jorge Mateu 0-0: Foul Ball, location: 2F
0-1: Swinging Strike
0-2: Ball
1-2: Ball
2-2: Ground out U3 (Groundball, 3, EV 102.5 MPH)
Batting: RHB Nick McGhee 0-0: Called Strike
0-1: Ball
1-1: SOLO HOME RUN (Flyball, 9D, EV 94.4 MPH), Distance : 376 ft
Batting: LHB Brian Harmon 0-0: Ball
1-0: Ball
2-0: Called Strike
2-1: Foul Ball, location: 2F
2-2: Ball
3-2: Base on Balls
Pitching: LHP Yasunobu Suisha
Batting: RHB Omar Luoa 0-0: Called Strike
0-1: Ball
1-1: Grounds into double play, 5-4-3 (Groundball, 56, EV 78.1 MPH)
Bottom of the 5th over - 1 run, 1 hit, 0 errors, 0 left on base; Monongahela 0 - Nolensville 2
TOP OF THE 6TH
Monongahela Monsters batting - Pitching for Nolensville Knights : RHP Miguel Pérez
Batting: LHB Todd Hunter 0-0: Ball
1-0: Swinging Strike
1-1: Foul Ball, location: 2F
1-2: Ball
2-2: Foul Ball, location: 2F
2-2: Strikes out swinging
Batting: LHB George Runnalls 0-0: Called Strike
0-1: Ball
1-1: Foul Ball, location: 2F
1-2: SINGLE (Line Drive, 34D, EV 103.1 MPH)
Batting: RHB Adam Smith 0-0: Ball
1-0: Ball
2-0: Ball
3-0: Base on Balls
George Runnalls to second
Batting: RHB Richello Oliva 0-0: Called Strike
0-1: Grounds into double play, 6-4-3 (Groundball, 56, EV 108.1 MPH)
Top of the 6th over - 0 runs, 1 hit, 0 errors, 1 left on base; Monongahela 0 - Nolensville 2
BOTTOM OF THE 6TH
Nolensville Knights batting - Pitching for Monongahela Monsters : LHP Yasunobu Suisha
Batting: LHB Juan Jimínez 0-0: Foul Ball, location: 2F
0-1: Called Strike
0-2: Ball
1-2: Fly out, F8 (Flyball, 78M, EV 93.8 MPH)
Batting: RHB Dale Goodman 0-0: Ball
1-0: Ball
2-0: Called Strike
2-1: Fly out, F6 (Flyball, 56D, EV 93.8 MPH)
Batting: RHB Dave Maxwell 0-0: Called Strike
0-1: Ball
1-1: Foul Ball, location: 2F
1-2: Foul Ball, location: 2F
1-2: Fly out, F8 (Flyball, 8LXD, EV 108.1 MPH)
Bottom of the 6th over - 0 runs, 0 hits, 0 errors, 0 left on base; Monongahela 0 - Nolensville 2
TOP OF THE 7TH
Monongahela Monsters batting - Pitching for Nolensville Knights : RHP Miguel Pérez
Batting: RHB Jerry Williams 0-0: Ball
1-0: Ball
2-0: Swinging Strike
2-1: Foul Ball, location: 2F
2-2: Ground out 5-3 (Groundball, 5, EV 85.0 MPH)
Batting: RHB Roger Snodgrass 0-0: Swinging Strike
0-1: Foul Ball, location: 2F
0-2: Ball
1-2: Ball
2-2: Ball
3-2: Foul Ball, location: 2F
3-2: SINGLE (Groundball, 56D, EV 97.5 MPH)
Batting: SHB Hélio Capriati 0-0: Called Strike
0-1: Ball
1-1: Fly out, F4 (Line Drive, 4, EV 68.1 MPH)
Batting: RHB Shao Qigang 0-0: Called Strike
0-1: Ball
1-1: Fielders Choice at 2nd, 5-4 (Groundball, 5, EV 92.5 MPH)
Top of the 7th over - 0 runs, 1 hit, 0 errors, 1 left on base; Monongahela 0 - Nolensville 2
BOTTOM OF THE 7TH
Nolensville Knights batting - Pitching for Monongahela Monsters : LHP Yasunobu Suisha
Batting: RHB Ace Felder 0-0: Ball
1-0: Ball
2-0: Ball
3-0: Called Strike
3-1: SINGLE (Groundball, 56D, EV 106.9 MPH)
Batting: RHB Juan Perales 0-0: Sac Bunt to 15 - play at first, batter OUT! 1-3
Ace Felder to second
Batting: LHB Jorge Mateu 0-0: Ball
1-0: Ball
2-0: Called Strike
2-1: Fly out, F8 (Flyball, 8LM, EV 90.0 MPH)
Batting: RHB Nick McGhee 0-0: Ball
1-0: Foul Ball, location: 2F
1-1: Ball
2-1: Ball
3-1: Foul Ball, location: 2F
3-2: Foul Ball, location: 2F
3-2: Fly out, F4 (Popup, 4M, EV 60.6 MPH)
Bottom of the 7th over - 0 runs, 1 hit, 0 errors, 1 left on base; Monongahela 0 - Nolensville 2
TOP OF THE 8TH
Monongahela Monsters batting - Pitching for Nolensville Knights : RHP Miguel Pérez
Pitching: LHP Chun-yeong Byung-Ho
Batting: SHB Aubrey Magee 0-0: Ball
1-0: Fly out, F7 (Flyball, 7S, EV 86.9 MPH)
Batting: LHB Todd Hunter 0-0: Ball
1-0: Foul Ball, location: 2F
1-1: Swinging Strike
1-2: Strikes out looking
Batting: LHB George Runnalls 0-0: Swinging Strike
0-1: Called Strike
0-2: Strikes out swinging
Top of the 8th over - 0 runs, 0 hits, 0 errors, 0 left on base; Monongahela 0 - Nolensville 2
BOTTOM OF THE 8TH
Nolensville Knights batting - Pitching for Monongahela Monsters : LHP Yasunobu Suisha
Batting: LHB Brian Harmon 0-0: Ball
1-0: Called Strike
1-1: Foul Ball, location: 2F
1-2: Foul Ball, location: 2F
1-2: Ball
2-2: Ground out U3 (Groundball, 34, EV 102.5 MPH)
Batting: RHB Omar Luoa 0-0: Called Strike
0-1: Ball
1-1: Called Strike
1-2: Foul Ball, location: 2F
1-2: Fly out, F8 (Line Drive, 8RD, EV 93.1 MPH)
Batting: LHB Juan Jimínez 0-0: Foul Ball, location: 2F
0-1: Called Strike
0-2: Ball
1-2: Ball
2-2: Fly out, F4 (Popup, 4, EV 52.5 MPH)
Bottom of the 8th over - 0 runs, 0 hits, 0 errors, 0 left on base; Monongahela 0 - Nolensville 2
TOP OF THE 9TH
Monongahela Monsters batting - Pitching for Nolensville Knights : LHP Chun-yeong Byung-Ho
Pitching: LHP Hank Lynn
Now at 1B: Govaart Baars
Batting: RHB Adam Smith 0-0: Foul Ball, location: 2F
0-1: Ground out 3-1 (Groundball, 34, EV 100.0 MPH)
Batting: RHB Richello Oliva 0-0: Foul Ball, location: 2F
0-1: Swinging Strike
0-2: Ball
1-2: Foul Ball, location: 2F
1-2: Ball
2-2: Ball
3-2: Base on Balls
Batting: RHB Jerry Williams 0-0: Called Strike
0-1: Ball
1-1: Ball
2-1: Fly out, F8 (Flyball, 8LM, EV 88.8 MPH)
Batting: RHB Roger Snodgrass 0-0: Foul Ball, location: 2F
0-1: SINGLE (Groundball, 56D, EV 107.5 MPH)
Richello Oliva to second
Pinch Runner at 2nd Colt Allen:
Batting: SHB Hélio Capriati 0-0: Ball
1-0: Ball
Wild Pitch!
Colt Allen to third
Roger Snodgrass to second
2-0: Ball
3-0: Base on Balls
Batting: RHB Shao Qigang 0-0: Fly out, F8 (Line Drive, 8RM, EV 85.0 MPH)
Top of the 9th over - 0 runs, 1 hit, 0 errors, 3 left on base; Monongahela 0 - Nolensville 2
Friday, March 26th, 2021 - OOTP Baseball 20.8 Build 74